 Dungeon Crawl Stone Soup version 0.31.0-11-ge490571c62 (webtiles) character file.

Game seed: 9750446040327188329

26 Bravepunisher the Ducker (level 2, -7/16 HPs)
             Began as a Spriggan Monk on Jan 29, 2024.
             Engulfed by a cloud of poison gas (9 damage)
             ... on level 6 of the Dungeon.
             The game lasted 00:03:56 (516 turns).

Bravepunisher the Ducker (Spriggan Monk)             Turns: 516, Time: 00:03:57

Health: -7/16      AC:  3    Str:  7    XL:     2   Next: 89%
Magic:  3/3        EV: 19    Int: 11    God:
Gold:   0          SH:  0    Dex: 17    Spells: 1/1 levels left

rFire   . . .        f - +1 dagger (drain)
rCold   . . .        (no shield)
rNeg    . . .        b - +1 robe
rPois   .            (helmet restricted)
rElec   .            (no cloak)
rCorr   .            (gloves unavailable)
SInv    +            (boots unavailable)
Will    .....        h - amulet of the acrobat
Stlth   ++           (no ring)
HPRegen 0.22/turn    (no ring)
MPRegen 0.08/turn

%: acrobat
@: lethally poisoned (-7 -> -36), weak-willed, attractive, very quick
A: very small, no large weapons, unfitting armour, see invisible, speed 3
a: no special abilities


You were on level 6 of the Dungeon.
You visited 1 branch of the dungeon, and saw 7 of its levels.

Inventory:

Hand Weapons
 f - a +1 dagger of draining (weapon)
Armour
 b - a +1 robe (worn)
Jewellery
 h - an amulet of the acrobat (around neck)
Scrolls
 k - a scroll of blinking
 m - a scroll of acquirement {unknown}
 n - a scroll of teleportation {unknown}
Potions
 c - a potion of ambrosia
 d - a potion of attraction
 g - a potion of haste {unknown}
 l - a potion of brilliance {unknown}


   Skills:
 * Level 3.1 Fighting
 - Level 3.2 Short Blades
 + Level 4.6 Dodging


You had one spell level left.
You didn't know any spells.
Your spell library contained the following spells:

 Spells                   Type           Power      Damage    Failure   Level
 Lesser Beckoning         Tloc           0%         N/A       47%         2
 Gell's Gravitas          Tloc           0%         N/A       71%         3
 Teleport Other           Tloc           0%         N/A       71%         3


Dungeon Overview and Level Annotations

Branches:
Dungeon (7/15)             Temple (0/1) D:6

Altars:
Ashenzari

Annotations:
D:4 Menkaure
D:5 Ijyb
D:7 Maggie


Innate Abilities, Weirdness & Mutations

You are very small and have problems with some larger weapons.
You are too small for most types of armour.
You have supernaturally acute eyesight. (SInv)
You cover ground extremely quickly. (Speed+++)


Message History

You see here 3 boomerangs.
A hound comes into view.
The hound barks!
The hound moves out of view.
A hound comes into view.
As you read the scroll labelled MEKHLEMYSE, it crumbles to dust.
It is a scroll of enchant armour.
Your +0 robe glows green for a moment.
The hound completely misses you. The hound misses you.
The air fills with toxic fumes!
As you read the scroll labelled UHAOPR YSUNU, it crumbles to dust.
It was a scroll of poison.
The hound closely misses you. The bullfrog hits you.
Okay, then.
As you read the scroll labelled ZELOICS TEPI, it crumbles to dust.
A wave of despondency washes over your surroundings.
It was a scroll of vulnerability.
The hound bites you but does no damage. The bullfrog closely misses you.
The hound barely misses you. The bullfrog completely misses you.
As you read the scroll labelled MOCWEP TIF, it crumbles to dust.
It is a scroll of enchant weapon.
Your +0 dagger of draining glows red for a moment.
The hound misses you. The bullfrog hits you.
Blink to where?
Press: ? - help, Dir - move target Blink to where?
Press: ? - help, Dir - move target
Found a scroll labelled JOWIVU LAGU.
Found a staircase to the Ecumenical Temple.
As you read the scroll labelled XEBANL JYIHATU, it crumbles to dust.
It was a scroll of blinking.
You are engulfed in poison gas.
You are lethally poisoned!
* * * LOW HITPOINT WARNING * * *
You feel very sick. The hound closely misses you.
It was a potion of attraction.
You feel attractive to monsters.
You are engulfed in poison gas.
You are more poisoned.
Ouch! That really hurt!
You die...

.# ##### .#
#....#####.#
#.#.§§§§.?.#
...§8§8§8..#
########§§§§§§...#
#.....Fh#.8.h.8..#
#(######§§§§§@..#
#.# #.§8§8§8.# #F#
#..§§§§..# #.#
#.##§§#### #.# #
#.## #.# #. #.# ..
#.# .## ####.#


You could see a bullfrog (weak-willed) and 2 hounds.

Vanquished Creatures
  2 adders
  2 endoplasms
  A goblin (D:1)
  A hobgoblin (D:4)
  A quokka (D:3)
  A rat (D:2)
8 creatures vanquished.

Notes
Turn   | Place    | Note
-------+----------+-------------------------------------------
     0 | D:1      | Bravepunisher the Spriggan Monk began the quest for the
                  | Orb.
     0 | D:1      | Reached XP level 1. HP: 11/11 MP: 2/2
   111 | D:2      | Reached XP level 2. HP: 16/16 MP: 3/3
   194 | D:4      | Found a broken altar of Ashenzari.
   199 | D:5      | Entered Level 5 of the Dungeon
   223 | D:4      | Noticed a lemure
   236 | D:4      | Noticed Menkaure
   246 | D:4      | Noticed an ogre
   312 | D:5      | Noticed Ijyb
   403 | D:6      | Noticed a steam dragon
   403 | D:6      | Noticed a bullfrog
   435 | D:7      | Noticed a water moccasin
   451 | D:7      | Noticed Maggie
   461 | D:7      | Noticed a hornet
   515 | D:6      | Found a staircase to the Ecumenical Temple.
   516 | D:6      | Engulfed by a cloud of poison gas

Illustrated notes

Levels and vault maps discovered:
D:1:      sevenhm_arrival_forest_fort_small_3, layout_rooms,
          hellmonk_ecumenical_altar_run_dry, nicolae_kite_square_tiling_tiny
D:2:      layout_loops_cross
D:3:      layout_basic, chequers_serial_rivers_small_b
D:4:      layout_rooms, grunt_temple_overflow_open, ashenzari_altar_1,
          uniq_pikel, uniq_edmund, uniq_menkaure
D:5:      layout_cave_pods, uniq_prince_ribbit1, uniq_duvessa, uniq_ijyb
D:6:      layout_loops_ring, lemuel_tele_altar,
          minmay_temple_entry_statues_fountains, grunt_ministairs_4,
          kennysheep_small_square
D:7:      layout_cave_pools, uniq_maggie

Skill      XL: |  1  2 |
---------------+-------+-----
Fighting       | 3 |  3.1
Short Blades   | |  3.2
Dodging        | |  4.6

Action                     || total
---------------------------++-------
  Melee: Dagger            ||    28
         Short sword       ||     3
    Use: Scroll            ||     5
         Potion            ||     1
   Stab: Sleeping          ||     1
 Armour: Robe              ||    16
  Dodge: Dodged            ||    34
